 Dungeon Sprint DCSS version 0.31-a0-949-g57150269e1 (webtiles) character file.

Game seed: 15462773761456140175

2500000 dialectric the Axe Maniac (level 20, -32/197 HPs)
             Began as a Formicid Gladiator on Oct 22, 2023.
             Was the Champion of Makhleb.
             Annihilated by a large bag of meat
             ... wielding a +9 giant spiked club
              (106 damage)
             ... in the Dungeon (Sprint VIII: "Arena of Blood").
             The game lasted 00:00:51 (25 turns).

dialectric the Axe Maniac (Formicid Gladiator)        Turns: 25, Time: 00:00:52

Health: -32/197    AC:  6    Str: 28    XL:     20   Next: 74%
Magic:  19/31      EV: 27    Int:  8    God:    Makhleb [******]
Gold:   0          SH:  0    Dex: 15    Spells: 34/34 levels left

rFire   . . .        h - +∞ Axe of Woe
rCold   . . .        (no shield)
rNeg    . . .        b - +0 leather armour
rPois   .            (helmet unavailable)
rElec   .            (no cloak)
rCorr   .            (no gloves)
SInv    +            (no boots)
Will    ++...        (no amulet)
Stlth   ++++         (no ring)
HPRegen 0.52/turn    (no ring)
MPRegen 0.22/turn

%: no passive effects
@: no status effects
A: permanent stasis, dig shafts and tunnels, antennae 3, four strong arms
a: Dig, Renounce Religion, Minor Destruction, Lesser Servant of Makhleb, Major
Destruction, Greater Servant of Makhleb


You were in the Dungeon.
You worshipped Makhleb.
Makhleb was exalted by your worship.
You visited 1 branch

Inventory:

Hand Weapons
 a - a +0 war axe
 h - the +∞ Axe of Woe (weapon)
   (You found it in the Dungeon)
Missiles
 c - 3 throwing nets (quivered)
 d - a javelin
Armour
 b - a +0 leather armour (worn)
Potions
 e - a potion of curing
 f - a potion of heal wounds
 g - 2 potions of magic


   Skills:
 O Level 27 Fighting
 + Level 7.6(9.1) Short Blades
 + Level 7.6(9.1) Long Blades
 O Level 27 Axes
 + Level 7.6(19.8) Maces & Flails
 + Level 7.6(19.8) Polearms
 + Level 7.6(10.3) Staves
 + Level 7.6 Ranged Weapons
 O Level 27 Throwing
 O Level 27 Armour
 O Level 27 Dodging
 + Level 10.0 Stealth
 + Level 10.0 Shields
 + Level 7.6 Unarmed Combat
 + Level 7.6 Spellcasting
 + Level 7.0 Conjurations
 + Level 9.2 Hexes
 + Level 8.6 Summonings
 + Level 7.6 Necromancy
 + Level 7.0 Translocations
 + Level 8.4 Transmutations
 + Level 7.6 Fire Magic
 + Level 7.6 Ice Magic
 + Level 6.3 Air Magic
 + Level 9.2 Earth Magic
 + Level 10.0 Poison Magic
 + Level 10.2 Invocations
 + Level 9.4 Evocations
 + Level 8.6 Shapeshifting


You had 34 spell levels left.
You didn't know any spells.
Your spell library was empty.

Dungeon Overview and Level Annotations

Branches:
Dungeon (1/1)

Altars:
Makhleb


Innate Abilities, Weirdness & Mutations

You cannot be hasted, slowed, berserked, paralysed or teleported.
You can dig through walls and to a lower floor.
You have a pair of large antennae on your head. (SInv)
Your four strong arms can wield two-handed weapons with a shield.


Message History

Your Transmutations skill gained 7 levels and is now at level 7!
Your Fire Magic skill gained 7 levels and is now at level 7!
Your Ice Magic skill gained 7 levels and is now at level 7!
Your Air Magic skill gained 5 levels and is now at level 5!
Your Earth Magic skill gained 8 levels and is now at level 8!
Your Poison Magic skill gained 9 levels and is now at level 9!
Your Invocations skill gained 9 levels and is now at level 9!
Your Evocations skill gained 8 levels and is now at level 8!
Your Shapeshifting skill gained 7 levels and is now at level 7!
You have reached level 20!
You feel stronger.
Unknown command.
You dice the meat berserker like an onion!!!
You pulverise the meat berserker into a thin bloody mist.
You kill the meat berserker!
Makhleb accepts your kill.
A bag of meat comes into view. It is wielding a +9 war axe. x2
The meat berserker rages. x2
Your Stealth skill increases to level 10!
Your Shields skill increases to level 10!
Your Conjurations skill increases to level 7!
Your Hexes skill increases to level 9!
Your Summonings skill increases to level 8!
Your Translocations skill increases to level 7!
Your Transmutations skill increases to level 8!
Your Air Magic skill increases to level 6!
Your Earth Magic skill increases to level 9!
Your Poison Magic skill increases to level 10!
Your Invocations skill increases to level 10!
Your Evocations skill increases to level 9!
Your Shapeshifting skill increases to level 8!
Unknown command.
Unknown command.
A large bag of meat, a meat berserker and 4 bags of meat come into view.
The bag of meat shouts! x2; You hear a shout! x6
The large bag of meat hits you with a +9 giant spiked club!!!!
Ouch! That really hurt!
The large bag of meat hits you with a +9 giant spiked club!!!!
Ouch! That really hurt!
You die... ooO

....oO ###oo.#.......
##......#............
o.....o...............
...#.O.o..............
....#..O.....#.......#
....ooo#O....#.......#{{
..o#.O@O).###.......###
.....o.).Vo.....###.....
#......o#))......_......
#...Oo#oOoo)).#.....#.
.###.o..o)))..#_o<._# {
..oO#o......#.....#
..oo.oo#........_o.....
.o.............###.....
......o..###o... ..###


You could see a destroyer, 4 large bags of meat, 5 meat berserkers and 26 bags
of meat.

Vanquished Creatures
  2 vampire knights (D)
  9 ogres (D)
  17 orcs (D)
28 creatures vanquished.

Notes
Turn   | Place    | Note
-------+----------+-------------------------------------------
     0 | D        | Found the +∞ Axe of Woe
     0 | D        | dialectric the Formicid Gladiator began the quest for the
                  | Orb.
     0 | D        | Reached XP level 1. HP: 16/16 MP: 1/1
     2 | D        | Noticed a meat berserker
     4 | D        | Became a worshipper of Makhleb the Destroyer
     4 | D        | Noticed a bag of meat
     5 | D        | Noticed a meat berserker
     5 | D        | Killed a meat berserker
     5 | D        | Noticed a bag of meat
     6 | D        | Reached skill level 10 in Throwing
     6 | D        | Reached XP level 2. HP: 37/37 MP: 2/2
     6 | D        | Reached XP level 3. HP: 43/43 MP: 3/3
     6 | D        | Reached XP level 4. HP: 50/50 MP: 4/4
     6 | D        | Reached XP level 5. HP: 56/56 MP: 5/5
     6 | D        | Reached XP level 6. HP: 62/62 MP: 6/6
     6 | D        | Reached XP level 7. HP: 68/68 MP: 7/7
     6 | D        | Reached XP level 8. HP: 75/75 MP: 8/8
     6 | D        | Reached XP level 9. HP: 81/81 MP: 9/9
     6 | D        | Reached XP level 10. HP: 88/88 MP: 10/10
     6 | D        | Reached XP level 11. HP: 93/93 MP: 11/11
     6 | D        | Reached XP level 12. HP: 100/100 MP: 12/12
     6 | D        | Killed a meat berserker
     6 | D        | Reached * piety under Makhleb
     7 | D        | Reached XP level 13. HP: 111/111 MP: 13/13
     7 | D        | Noticed a bag of meat
     7 | D        | Noticed a bag of meat
     8 | D        | Noticed a bag of meat
     8 | D        | Noticed a meat berserker
     9 | D        | Noticed a meat berserker
     9 | D        | Noticed a bag of meat
    10 | D        | Noticed a meat berserker
    10 | D        | Noticed a bag of meat
    10 | D        | Noticed a bag of meat
    11 | D        | Killed a meat berserker
    11 | D        | Killed a bag of meat
    11 | D        | Noticed a bag of meat
    11 | D        | Noticed a meat berserker
    11 | D        | Noticed a bag of meat
    11 | D        | Noticed a bag of meat
    11 | D        | Noticed a bag of meat
    12 | D        | Reached skill level 15 in Fighting
    12 | D        | Reached XP level 14. HP: 123/123 MP: 14/14
    12 | D        | Noticed a meat berserker
    12 | D        | Noticed a bag of meat
    12 | D        | Noticed a destroyer
    13 | D        | Killed a meat berserker
    13 | D        | Reached ** piety under Makhleb
    13 | D        | Killed a bag of meat
    13 | D        | Killed a bag of meat
    13 | D        | Noticed a bag of meat
    14 | D        | Reached skill level 27 in Axes
    14 | D        | Reached skill level 15 in Throwing
    14 | D        | Reached XP level 15. HP: 105/134 MP: 15/15
    15 | D        | Killed a meat berserker
    15 | D        | Reached *** piety under Makhleb
    15 | D        | Noticed a destroyer
    16 | D        | Reached skill level 27 in Dodging
    16 | D        | Reached XP level 16. HP: 146/146 MP: 16/16
    16 | D        | Killed a meat berserker
    16 | D        | Reached **** piety under Makhleb
    16 | D        | Noticed a meat berserker
    17 | D        | Reached skill level 10 in Armour
    17 | D        | Reached XP level 17. HP: 164/164 MP: 17/17
    17 | D        | Killed a destroyer
    17 | D        | Noticed a meat berserker
    18 | D        | Reached skill level 27 in Fighting
    18 | D        | Reached skill level 15 in Armour
    18 | D        | Reached XP level 18. HP: 182/182 MP: 18/18
    19 | D        | Noticed a meat berserker
    19 | D        | Noticed a large bag of meat
    20 | D        | Noticed a meat berserker
    20 | D        | Noticed a meat berserker
    20 | D        | Reached ***** piety under Makhleb
    20 | D        | Noticed a destroyer
    20 | D        | Noticed a meat berserker
    21 | D        | Reached skill level 27 in Throwing
    21 | D        | Killed a meat berserker
    21 | D        | Noticed a large bag of meat
    22 | D        | Killed a meat berserker
    22 | D        | Reached ****** piety under Makhleb
    22 | D        | Noticed a meat berserker
    23 | D        | Reached skill level 27 in Armour
    23 | D        | Reached XP level 19. HP: 189/189 MP: 19/19
    23 | D        | Killed a destroyer
    23 | D        | Noticed a large bag of meat
    24 | D        | Reached skill level 5 in Air Magic
    24 | D        | Reached XP level 20. HP: 197/197 MP: 19/30
    24 | D        | Killed a meat berserker
    25 | D        | Reached skill level 10 in Stealth
    25 | D        | Reached skill level 10 in Shields
    25 | D        | Reached skill level 10 in Poison Magic
    25 | D        | Reached skill level 10 in Invocations
    25 | D        | Noticed a large bag of meat
    25 | D        | Noticed a meat berserker
    25 | D        | Annihilated by a large bag of meat

Illustrated notes

Levels and vault maps discovered:
D:        meatsprint

Skill      XL: |  1  2  3  4  5  6  7  8  9 10 11 12 13 14 15 16 17 18 19 20 |
---------------+-------------------------------------------------------------+-----
Fighting       | 11 13 15 17 19 23 27 | 27.0
Axes           | 18 21 24 27 | 27.0
Throwing       | 10 12 13 15 17 20 24 27 | 27.0
Dodging        | 17 20 22 24 27 | 27.0
Armour         | 4 7 10 15 27 | 27.0
Short Blades   | 7 |  7.6
Long Blades    | 7 |  7.6
Maces & Flails | 7 |  7.6
Polearms       | 7 |  7.6
Staves         | 7 |  7.6
Ranged Weapons | 7 |  7.6
Stealth        | 9 10 | 10.0
Shields        | 9 10 | 10.0
Unarmed Combat | 7 |  7.6
Spellcasting   | 7 |  7.6
Conjurations   | 6 7 |  7.0
Hexes          | 8 9 |  9.2
Summonings     | 7 8 |  8.6
Necromancy     | 7 |  7.6
Translocations | 6 7 |  7.0
Transmutations | 7 8 |  8.4
Fire Magic     | 7 |  7.6
Ice Magic      | 7 |  7.6
Air Magic      | 5 6 |  6.3
Earth Magic    | 8 9 |  9.2
Poison Magic   | 9 10 | 10.0
Invocations    | 9 10 | 10.2
Evocations     | 8 9 |  9.4
Shapeshifting  | 7 8 |  8.6

Action                     |  1- 3 |  4- 6 |  7- 9 | 10-12 | 13-15 | 16-18 | 19-21 || total
---------------------------+-------+-------+-------+-------+-------+-------+-------++-------
  Melee: Executioner's axe |     1 |       |       |     1 |     3 |     5 |     2 ||    12
 Armour: Leather armour    |       |       |       |       |     2 |     3 |     2 ||     7
  Dodge: Dodged            |       |       |       |       |     1 |     1 |       ||     2

Table legend: (Time is in decaauts)
 A = Elapsed time spent in this place.
 B = Non-inter-level travel time spent in this place.
 C = Inter-level travel time spent in this place.
 D = Time resting spent in this place.
 E = Time spent auto-exploring this place.
 F = Levels seen in this place.
 G = Mean time per level.
                   A        B        C        D        E       F      G
               +--------+--------+--------+--------+--------+-----+--------+
         Total |     22 |     22 |      0 |      0 |      0 |   1 |   22.0 |
       Dungeon |     22 |     22 |      0 |      0 |      0 |   1 |   22.0 |
               +--------+--------+--------+--------+--------+-----+--------+

Top non-repeatable levels by time:
       D: 22 daAuts
